Map: Lightshade LE

Players

Pumba - Winner!

  • Race: Zerg Zerg
  • League: Master
  • Spawn Location: 5:00

slavelife

  • Race: Terran Terran
  • League: Master
  • Spawn Location: 11:00

VOD

Have the link to the VOD?

Description

Time

  • Played on: Sept. 14, 2021, 9:07 p.m.
  • Length: 24:09
Show
View Real Time Build Order
Export as new Build Order

Pumba Zerg - Winner!

Build Orders: Hatch First 

Get SALT Encoding   

  12  0:01  Drone  
  13  0:12  Overlord  
  13  0:17  Drone  
  14  0:33  Drone x2  
  16  0:48  Hatchery  
  15  0:53  Drone  
  15  0:55  Drone  
  17  0:59  Drone  
  18  1:12  Spawning Pool  
  18  1:16  Drone  
  18  1:17  Extractor  
  17  1:21  Drone  
  18  1:30  Drone  
  19  1:41  Drone  
  20  1:50  Overlord  
  20  2:00  Queen x2  
  20  2:01  Zergling x4  
  26  2:12  Drone  
  26  2:13  Drone  
  29  2:22  Drone  
  29  2:23  Drone  
  29  2:29  Extractor  
  29  2:33  Drone  
  29  2:34  Drone  
  29  2:36  Queen  
  33  2:43  Overlord x2  
  34  3:03  Drone x2, Hatchery  
  34  3:07  Drone  
  34  3:10  Drone x3  
  38  3:13  Drone  
  38  3:19  Drone x3  
  41  3:28  Roach Warren  
  40  3:39  Drone x2  
  42  3:42  Overlord  
  42  3:49  Drone x2  
  42  3:50  Drone x3  
  42  3:51  Lair  
  42  3:54  Extractor  
  46  3:59  Overlord  
  46  4:01  Overlord  
  46  4:02  Overlord  
  46  4:05  Extractor  
  46  4:07  Queen, Extractor  
  46  4:14  Roach x2  
  46  4:15  Roach  
  52  4:18  Drone  
  52  4:21  Drone x3  
  56  4:25  Drone x3  
  59  4:32  Evolution Chamber  
  59  4:33  Drone  
  59  4:35  Roach  
  59  4:36  Roach  
  63  4:40  Overlord  
  63  4:44  Roach  
  65  4:51  Drone x2  
  65  4:52  Drone x4  
  71  4:56  Drone x2  
  71  4:57  Overseer  
  73  5:03  Infestation Pit  
  73  5:04  Zerg Ground Armor Level 1  
  73  5:07  Glial Reconstitution  
  73  5:14  Drone  
  73  5:18  Overlord x2  
  73  5:19  Overlord  
  73  5:23  Drone x3  
  76  5:39  Drone x5  
  76  5:40  Drone  
  82  5:47  Roach x4  
  90  5:53  Overlord  
  90  5:54  Overlord  
  90  5:55  Queen  
  90  5:56  Roach x2  
  96  6:01  Roach  
  96  6:02  Pathogen Glands  
  98  6:22  Roach, Extractor x2  
  98  6:23  Roach x4  
  106  6:26  Overlord x4  
  106  6:31  Hatchery  
  105  6:44  Roach x3  
  105  6:46  Roach x5  
  105  6:47  Roach  
  125  6:54  Roach x2  
  117  7:02  Roach  
  117  7:07  Infestor  
  117  7:08  Infestor x2  
  123  7:18  Infestor  
  123  7:19  Infestor  
  123  7:21  Zerg Missile Weapons Level 1  
  127  7:23  Drone x2  
  127  7:24  Drone  
  127  7:26  Evolution Chamber  
  127  7:27  Overlord x4  
  129  7:37  Extractor  
  129  7:38  Extractor  
  129  7:42  Overseer  
  127  7:44  Overlord x3  
  127  7:45  Overlord x2  
  127  7:46  Overlord  
  127  7:49  Drone x5  
  132  7:53  Zerg Ground Armor Level 2  
  132  8:09  Drone x2  
  132  8:11  Drone x3  
  132  8:12  Drone x3  
  140  8:22  Roach x5  
  140  8:23  Roach x4  
  154  8:34  Roach x5  
  154  8:35  Roach  
  154  8:38  Hive  
  154  8:40  Hydralisk Den  
  165  8:47  Hatchery  
  164  8:51  Drone x2  
  164  8:52  Drone  
  164  8:54  Roach x6  
  179  8:56  Extractor  
  179  9:01  Extractor  
  177  9:04  Roach x4  
  185  9:13  Grooved Spines  
  185  9:22  Drone x7  
  192  9:25  Spore Crawler, Spine Crawler  
  190  9:37  Spore Crawler, Roach x5, Spine Crawler  
  170  9:55  Baneling Nest  
  170  9:56  Spire  
  170  9:59  Roach x9  
  172  10:15  Ravager  
  165  10:24  Muscular Augments, Drone  
  165  10:25  Drone x4  
  165  10:26  Drone  
  161  10:32  Drone x3  
  161  10:33  Drone x3  
  167  10:36  Extractor  
  167  10:38  Extractor  
  167  10:39  Centrifugal Hooks, Hatchery  
  164  10:45  Burrow, Viper x4  
  164  10:46  Viper x2  
  164  10:47  Hydralisk x3  
  188  10:58  Pneumatized Carapace  
  188  10:59  Overseer  
  188  11:18  Evolution Chamber  
  188  11:19  Evolution Chamber  
  188  11:20  Evolution Chamber x2  
  184  11:35  Zerg Missile Weapons Level 2  
  184  11:36  Zerg Ground Armor Level 3  
  184  11:37  Hydralisk x8  
  180  13:04  Drone x8  
  188  13:08  Evolution Chamber  
  188  13:09  Evolution Chamber x2  
  188  13:10  Drone x3  
  188  13:11  Drone x3  
  191  13:13  Drone x3  
  191  13:14  Evolution Chamber  
  191  13:16  Evolution Chamber  
  191  13:17  Spine Crawler  
  191  13:18  Spine Crawler  
  191  13:19  Spore Crawler  
  189  13:20  Spine Crawler  
  186  14:07  Spine Crawler  
  186  14:08  Spine Crawler x2  
  180  14:12  Overseer, Overlord x2  
  180  14:13  Overseer  
  137  14:46  Hydralisk x4  
  137  14:47  Hydralisk x7  
  153  15:04  Drone x3  
  153  15:05  Drone x3  
  153  15:06  Drone x5  
  153  15:07  Drone  
  162  15:16  Infestor  
  162  15:17  Spine Crawler x2  
  162  15:18  Zergling x6, Metabolic Boost  
  162  15:21  Zerg Missile Weapons Level 3, Zerg Melee Weapons Level 1  
  159  15:35  Hydralisk x11  
  129  15:57  Viper x2  
  129  15:58  Hydralisk x4  
  129  15:59  Hydralisk x12  
  129  16:01  Hydralisk x2  
  171  16:28  Baneling x6  
  171  16:29  Zergling x10  
  171  16:30  Zergling x6, Hydralisk x4  
  185  16:37  Hydralisk x4  
  193  16:56  Baneling x10  
  193  16:57  Baneling x6  
  190  17:13  Extractor  
  190  17:14  Hatchery  
  188  17:17  Extractor  
  163  17:44  Hydralisk x14  
  189  18:15  Hydralisk x5  
  193  18:37  Hatchery, Extractor  
  185  18:49  Hydralisk x7  
  199  18:57  Overseer, Overlord  
  199  18:58  Overseer x2  
  195  19:13  Zergling x2  
  195  19:14  Zergling x2  
  193  19:30  Zergling x14  
  193  19:31  Zergling x4  
  199  19:52  Baneling  
  199  19:53  Baneling x3  
  199  19:54  Baneling x3  
  199  19:55  Baneling x4  
  199  19:56  Baneling x3  
  199  19:58  Baneling x7  
  195  20:06  Hydralisk x3  
  157  20:28  Hydralisk x12  
  168  20:42  Spore Crawler  
  168  20:43  Extractor  
  168  20:45  Spine Crawler  
  168  20:46  Spore Crawler  
  164  21:15  Hydralisk x3  
  164  21:16  Zergling x12  
  168  21:29  Drone x3  
  171  21:46  Drone  
  171  21:47  Spore Crawler, Drone  
  172  21:48  Drone x7, Spine Crawler  
  177  21:59  Hatchery  
  177  22:00  Extractor  
  173  22:01  Extractor  
  153  22:32  Viper x3  
  153  22:34  Hydralisk x11  
  182  22:59  Hatchery  
  182  23:01  Extractor  
  180  23:06  Hydralisk  
  180  23:07  Hydralisk x9  
Show
View Real Time Build Order
Export as new Build Order

slavelife Terran 

Build Orders: 2 Factory, Gas First Reaper Expand 

Get SALT Encoding   

  12  0:00  SCV  
  13  0:12  SCV  
  14  0:17  Supply Depot  
  14  0:24  SCV  
  14  0:27  Refinery  
  15  0:38  SCV  
  16  0:45  Barracks  
  16  0:50  SCV  
  17  1:02  SCV  
  18  1:15  SCV  
  19  1:31  Orbital Command  
  19  1:32  Reaper  
  20  1:46  Command Center  
  20  1:54  Refinery  
  20  2:01  Factory  
  20  2:06  SCV  
  20  2:07  Marine  
  22  2:15  Supply Depot  
  22  2:18  SCV  
  23  2:26  Barracks Reactor  
  23  2:36  SCV  
  24  2:38  Factory  
  24  2:48  SCV  
  24  2:58  Factory Tech Lab  
  24  3:01  SCV  
  24  3:08  Marine x2  
  24  3:26  Cyclone  
  27  3:27  Infernal Pre-Igniter  
  27  3:31  SCV  
  28  3:39  Orbital Command  
  28  3:43  SCV  
  29  3:50  Hellion x2  
  29  3:55  SCV  
  34  4:00  Cyclone  
  37  4:06  SCV  
  37  4:07  SCV  
  37  4:09  Supply Depot  
  39  4:13  Hellion  
  39  4:16  Hellion  
  43  4:18  SCV  
  43  4:20  SCV  
  45  4:26  Supply Depot  
  45  4:30  SCV  
  46  4:32  SCV  
  46  4:35  Cyclone  
  46  4:38  Hellion  
  52  4:40  Hellion  
  54  4:47  Supply Depot  
  54  4:49  SCV x2  
  54  4:51  Mag-Field Accelerator  
  56  4:57  Supply Depot  
  56  5:01  SCV x2  
  56  5:02  Hellion x2  
  62  5:09  Cyclone  
  62  5:11  Bunker  
  62  5:13  SCV  
  62  5:14  SCV  
  69  5:28  Hellion  
  69  5:29  Hellion  
  71  5:39  Command Center  
  69  5:53  SCV x2  
  71  6:00  Armory  
  71  6:01  Factory  
  75  6:11  Cyclone, Widow Mine x2  
  78  6:32  Refinery  
  78  6:34  Refinery  
  78  6:36  Supply Depot  
  78  6:37  Supply Depot  
  78  6:50  SCV x2, Widow Mine x2  
  84  6:54  Factory Tech Lab  
  76  7:08  Cyclone  
  71  7:15  Cyclone  
  71  7:17  Widow Mine x2  
  71  7:19  SCV x2  
  71  7:20  Orbital Command  
  71  7:21  Terran Vehicle And Ship Armor Level 1  
  80  7:26  Factory  
  80  7:27  Factory  
  80  7:31  SCV x2  
  82  7:41  Hellion x2  
  86  7:44  Cyclone  
  86  7:45  SCV x2  
  86  7:48  Cyclone  
  84  8:06  Orbital Command  
  84  8:10  Widow Mine  
  84  8:11  SCV, Widow Mine  
  84  8:12  SCV  
  90  8:13  Refinery  
  90  8:16  Refinery, Siege Tank  
  93  8:20  Siege Tank  
  96  8:28  Factory Tech Lab, Factory Reactor  
  96  8:36  Widow Mine x2  
  100  8:44  SCV  
  100  8:45  SCV x2  
  103  8:53  Supply Depot  
  103  8:54  Command Center x2  
  103  8:57  SCV x3  
  106  9:04  Siege Tank  
  109  9:14  Siege Tank x2  
  109  9:16  SCV  
  116  9:17  Supply Depot x2  
  116  9:18  Supply Depot  
  116  9:22  SCV  
  117  9:39  Terran Vehicle Weapons Level 1, SCV, Widow Mine x4, Siege Tank  
  117  9:44  Supply Depot  
  117  9:45  Orbital Command  
  127  9:47  Supply Depot  
  114  9:57  Cyclone  
  114  9:58  Cyclone  
  90  10:11  SCV x2  
  82  10:23  SCV x3  
  82  10:25  SCV x2  
  84  10:35  SCV x2  
  86  10:41  Refinery  
  86  10:42  SCV x3  
  89  10:47  SCV x2  
  91  10:54  SCV x2  
  91  10:55  SCV  
  94  10:59  SCV  
  95  11:09  Siege Tank x2  
  95  11:10  SCV x4  
  105  11:14  Armory  
  103  11:19  Siege Tank  
  106  11:26  SCV x2  
  106  11:27  SCV x3  
  111  11:38  SCV  
  111  11:39  SCV x4  
  116  11:41  Siege Tank x2  
  116  11:42  Refinery  
  122  11:48  Refinery, Terran Vehicle Weapons Level 2  
  122  11:51  Siege Tank  
  122  11:54  Hellion x2, Starport  
  125  11:55  Hellion x2  
  125  11:56  SCV x2  
  135  12:08  SCV x3  
  138  12:14  Siege Tank x2  
  144  12:23  Siege Tank  
  135  12:46  Siege Tank x2  
  135  12:49  Hellion x2  
  123  12:51  Hellion x2  
  123  12:55  Siege Tank  
  126  12:59  SCV  
  127  13:08  Starport Reactor  
  127  13:11  Hellion  
  129  13:15  Hellbat x2  
  129  13:17  Hellbat  
  129  13:18  Siege Tank x2  
  141  13:39  Siege Tank  
  144  13:42  Terran Vehicle And Ship Armor Level 2  
  144  13:48  Refinery  
  144  13:49  Refinery  
  144  13:51  Hellbat x2  
  144  13:52  Hellbat  
  150  13:59  Engineering Bay, Viking x2  
  150  14:02  Siege Tank x2  
  160  14:04  Hellbat  
  162  14:11  Siege Tank  
  165  14:21  Hellbat  
  165  14:22  Hellion, Hellbat  
  171  14:29  Viking x2  
  171  14:30  Planetary Fortress  
  175  14:34  Thor x2, Missile Turret  
  175  14:35  Missile Turret x2  
  181  14:40  Orbital Command  
  156  14:57  SCV x2  
  156  14:59  Viking x2  
  152  15:02  SCV  
  153  15:09  SCV x2  
  153  15:14  SCV  
  154  15:18  Siege Tank x3  
  154  15:19  Hellbat x3  
  165  15:21  SCV  
  165  15:24  Terran Vehicle Weapons Level 3  
  165  15:25  Hellion x11  
  164  15:32  Viking x2  
  159  15:36  Hellbat  
  159  15:40  Hellbat  
  154  15:53  Siege Tank x2  
  154  15:54  Hellbat  
  154  15:59  Siege Tank  
  154  16:00  Hellbat x2  
  163  16:04  Hellbat  
  163  16:07  Missile Turret  
  163  16:15  Hellbat  
  165  16:19  Viking  
  165  16:21  Viking, Hellbat x2  
  173  16:25  Siege Tank x2  
  179  16:39  Siege Tank  
  182  16:46  Hellbat  
  182  16:47  Hellbat  
  186  16:51  Viking x2  
  184  16:55  Hellbat  
  186  17:21  Siege Tank  
  186  17:22  Viking x2, Hellbat  
  187  17:30  Planetary Fortress  
  187  17:38  Hellbat  
  187  17:39  Hellbat  
  187  17:41  Siege Tank, Hellbat  
  187  17:42  Siege Tank  
  187  17:44  Hellbat  
  178  17:53  Siege Tank  
  178  17:54  Refinery  
  178  17:56  Refinery  
  181  17:59  Hellbat  
  181  18:00  Hellbat  
  181  18:03  Hellbat  
  187  18:07  Terran Vehicle And Ship Armor Level 3  
  187  18:10  Supply Depot x2  
  187  18:24  Viking  
  186  18:27  Viking  
  186  18:28  Hellbat  
  186  18:32  SCV x2  
  186  18:33  SCV  
  178  18:35  Siege Tank  
  179  18:47  Siege Tank  
  179  18:48  Siege Tank, Hellbat x2  
  174  19:23  Siege Tank  
  173  19:25  Hellbat  
  173  19:26  Hellbat  
  173  19:28  Siege Tank, Hellbat  
  173  20:04  Siege Tank  
  173  20:06  Siege Tank  
  169  20:17  Siege Tank  
  169  20:18  Hellbat x2  
  93  20:29  Hellbat  
  93  20:30  Hellbat  
  94  20:36  Siege Tank  
  94  20:38  Siege Tank  
  94  20:39  Hellbat x2  
  104  20:43  SCV x2  
  104  20:47  Orbital Command  
  104  20:49  Siege Tank  
  109  20:51  Hellbat  
  109  20:54  Hellbat  
  109  20:55  SCV x2  
  115  21:00  Hellbat  
  117  21:07  SCV x2  
  117  21:08  Siege Tank  
  117  21:10  Siege Tank  
  123  21:19  Hellbat x2  
  123  21:21  Siege Tank  
  128  21:40  Viking x2, Siege Tank  
  128  21:42  SCV, Siege Tank  
  139  21:53  Siege Tank  
  141  21:54  Refinery  
  141  21:58  Refinery  
  133  22:13  Siege Tank  
  133  22:14  Hellbat x2  
  133  22:15  Siege Tank  
  130  22:25  Siege Tank  
  130  22:28  Hellbat  
  94  22:37  Hellbat x2  
  94  22:40  Hellbat  
  90  22:45  Siege Tank  
  90  22:47  Siege Tank  
  96  22:57  Siege Tank  
  96  23:17  Siege Tank  
  96  23:19  Siege Tank  
  98  23:30  Siege Tank  
  75  23:35  Hellbat  
Tags
 
Add a new tag
Caveats
  • Supply blocks, unpowered buildings, or Contaminate may cause inaccurate times.
  • Supply counts are checked every 10 seconds.